 Dungeon Crawl Stone Soup version 0.29.1-15-g9cfb28693d (webtiles) character file.

Game seed: 15805450426588670088

1078 tehnar the Ducker (level 8, -11/58 HPs)
             Began as a Djinni Fire Elementalist on Mar 3, 2023.
             Was a Follower of Makhleb.
             Mangled by a two-headed ogre
             ... wielding a +0 giant club
              (19 damage)
             ... on level 6 of the Dungeon.
             The game lasted 00:19:34 (6300 turns).

tehnar the Ducker (Djinni Fire Elementalist)        Turns: 6300, Time: 00:19:35

Health: -11/58     AC:  9    Str:  7    XL:     8   Next: 54%
Gold:   343        EV: 14    Int: 21    God:    Makhleb [*.....] SH:  0 Dex: 16

rFire   + + +      SeeInvis .   s - +1 morningstar of Ahubem {flame, Drain rElec rPois Int+2 Dex+2}
rCold   x x .      Faith    .   (no shield)
rNeg    . . .      Spirit   .   a - +0 robe
rPois   ∞          Reflect  .   (no helmet)
rElec   +          Harm     .   r - +2 cloak
rCorr   .          Rampage  .   (no gloves)
Will    .....                   (boots unavailable)
Stlth   ++........              (no amulet)
HPRegen 0.19/turn               C - +4 ring of protection
MPRegen 0.00/turn               u - ring of fire

@: flying
A: sickness immunity, fire resistance 2, cold vulnerability 1, float, innate
caster, HP casting, extra vitality 1
a: Renounce Religion


You were on level 6 of the Dungeon.
You worshipped Makhleb.
Makhleb was aware of your devotion.
You visited 1 branch of the dungeon, and saw 6 of its levels.

You collected 343 gold pieces.

Inventory:

Hand Weapons
 k - a +3 short sword
 s - the +1 morningstar of Ahubem (weapon) {flame, Drain rElec rPois Int+2 Dex+2}
   (You found it on level 3 of the Dungeon)

   It burns those it strikes, dealing additional fire damage.
   Int:       It affects your intelligence (+2).
   Dex:       It affects your dexterity (+2).
   rElec:     It insulates you from electricity.
   rPois:     It protects you from poison.
   Drain:     It drains your maximum health when unequipped.
Armour
 a - a +0 robe (worn)
 m - an orb of mayhem
 r - a +2 cloak (worn)
Jewellery
 o - a ring of willpower
 u - a ring of fire (right hand)
 C - a +4 ring of protection (left hand)
Wands
 v - a wand of paralysis (7)
 y - a wand of acid (5)
Scrolls
 c - a scroll of teleportation
 d - a scroll of vulnerability {unknown}
 h - 2 scrolls of enchant weapon {unknown}
 j - a scroll of magic mapping {unknown}
 l - 5 scrolls of identify
 n - 2 scrolls of immolation {unknown}
 p - a scroll of acquirement {unknown}
 t - a scroll of enchant armour {unknown}
 w - 4 scrolls of amnesia {unknown}
 x - a scroll of fear {unknown}
 A - 2 scrolls of summoning
 B - a scroll of fog {unknown}
Potions
 b - 3 potions of lignification
 e - a potion of attraction {unknown}
 f - 2 potions of might {unknown}
 g - a potion of curing {unknown}
 i - a potion of mutation {unknown}
 q - 3 potions of degeneration {unknown}
 z - a potion of cancellation {unknown}


   Skills:
 + Level 4.1 Fighting
 + Level 5.5 Dodging
 - Level 2.0 Stealth
 * Level 5.5 Spellcasting
 + Level 1.5 Invocations


You couldn't memorise any spells.
You knew the following spells:

 Your Spells              Type           Power      Damage    Failure   Level
a - Foxfire               Conj/Fire      100%       2x1d9     1%          1
b - Scorch                Fire           86%        2d9       1%          2
c - Conjure Flame         Conj/Fire      43%        6-21      3%          3
d - Inner Flame           Hex/Fire       43%        N/A       3%          3
e - Flame Wave            Conj/Fire      43%        2d11      11%         4
f - Necrotise             Necr           100%       1d9       1%          1
g - Searing Ray           Conj           56%        2d6       1%          2
h - Static Discharge      Conj/Air       28%        3-7/arc   1%          2
Your spell library was empty.

Dungeon Overview and Level Annotations

Branches:
Dungeon (6/15)             Temple (0/1) D:4

Altars:
Cheibriados
Fedhas
Makhleb
Okawaru
Wu Jian

Annotations:
D:4 Menkaure
D:6 Pikel, Sigmund


Innate Abilities, Weirdness & Mutations

You are immune to sickness and miasma.
You are immune to poison.
Your flesh is very heat resistant. (rF++)
You are vulnerable to cold. (rC-)
You float through the air rather than walking.
You learn spells naturally, not from books.
Your magical power is your life essence.
You have superior vitality. (+4 MHP)


Message History

Confirm with . or Enter, or press ? or * to list all spells.
Casting: Flame Wave (dangerous; 11% risk of failure)
Press: ? - help, Dir - look around, f - activate You feel a surge of power!
A wave of flame ripples out! (Press . to intensify the flame waves.)
A wave of flame ripples out!
The flame wave engulfs the bullfrog!
The bullfrog is severely wounded.
You hear an angry hiss.
The bullfrog barely misses you.
A wave of flame ripples out!
The flame wave engulfs the bullfrog!
You kill the bullfrog!
Makhleb accepts your kill.
You finish channelling waves of flame.
You hear a shout!
Unknown command.
Found a +0 short sword.
Casting: Flame Wave (dangerous; 11% risk of failure)
Confirm with . or Enter, or press ? or * to list all spells.
You feel a surge of power!
The fire begins to smoulder!
The water moccasin hisses angrily.
The two-headed ogre smothers the flame.
The two-headed ogre attacks as you move away!
The two-headed ogre misses you. The two-headed ogre closely misses you.
The two-headed ogre attacks as you move away!
The two-headed ogre closely misses you.
The two-headed ogre hits you with a +0 giant club!
Casting: Conjure Flame (dangerous; 3% risk of failure)
Confirm with . or Enter, or press ? or * to list all spells.
You feel a surge of power!
The fire begins to smoulder!
The two-headed ogre smothers the flame.
Unknown command.
The two-headed ogre attacks as you move away!
The two-headed ogre hits you with a +0 giant club! x2
* * * LOW HITPOINT WARNING * * *
Aiming: Paralyse
Press: ? - help, Shift-Dir - straight line, f - two-headed ogre
Aim: a two-headed ogre, wielding two +0 giant clubs (chance to affect: 31%)
The two-headed ogre easily resists.
The two-headed ogre hits you with a +0 giant club!!
You die...

......######..........#
.#
...............###.##.#
#.# ......######.#.#
#.##.# #.# ......#
#.#.# #.##.# #.#
......# #.#o# #.##.#
#.# ####.## #.#S#
#.##.########.## #.#
#.#.# #....)...)......
#.#
#.#.######)#######..##
#.# #..SO@.....# #....
#.# ###.######## #.###
#.# #....# #.# ####.#
#.##.# #.# .....#
#.##.##### #.#
####.#########.##.....#
#####(#
#..................#
#...#.###
#.#####.###.######.#
#........ ####<#####.#
#.# #.###...#.###


You could see a two-headed ogre and a water moccasin.

Vanquished Creatures
  An ice beast (D:5)
  2 centaurs
  3 necrophages
  A bullfrog (D:6)
  2 scorpions
  2 hounds (D:5)
  A jelly (D:5)
  An orc priest (D:6)
  Jessica (D:3)
  2 orc wizards
  Natasha (twice) (D:4)
  10 adders
  2 white imps (D:5)
  2 ufetubi (D:5)
  5 worms
  3 dart slugs
  7 orcs
  5 ball pythons
  6 endoplasms
  3 giant cockroaches
  3 goblins
  7 hobgoblins
  11 jackals
  9 kobolds
  4 quokkas
  6 bats
  3 frilled lizards
  7 rats
111 creatures vanquished.

Vanquished Creatures (others)
  250 foxfires
250 creatures vanquished.

Grand Total: 361 creatures vanquished

Notes
Turn   | Place    | Note
-------+----------+-------------------------------------------
     0 | D:1      | tehnar the Djinni Fire Elementalist began the quest for the
                  | Orb.
     0 | D:1      | tehnar set off with the following spells memorised:
                  | Foxfire, Scorch, Conjure Flame, Inner Flame, Flame Wave.
     0 | D:1      | Reached XP level 1. HP: 15/15 MP: 0/0
   358 | D:1      | Reached XP level 2. HP: 16/21 MP: 0/0
   807 | D:1      | Found a faded altar of an unknown god.
  1192 | D:2      | Reached XP level 3. HP: 23/25 MP: 0/0
  1192 | D:2      | Learned a level 1 spell: Necrotise
  1818 | D:2      | Reached skill level 1 in Fighting
  1818 | D:2      | Reached XP level 4. HP: 26/32 MP: 0/0
  1880 | D:2      | Found Qileyl's Assorted Antiques.
  3024 | D:3      | Noticed Jessica
  3028 | D:3      | Killed Jessica
  3029 | D:3      | Reached XP level 5. HP: 36/37 MP: 0/0
  3029 | D:3      | Learned a level 2 spell: Searing Ray
  3071 | D:3      | Found a burning altar of Makhleb.
  3269 | D:3      | Became a worshipper of Makhleb the Destroyer
  3370 | D:3      | Identified the +1 morningstar of Ahubem {flame, Drain rElec
                  | rPois Int+2 Dex+2}
  3926 | D:4      | Reached XP level 6. HP: 43/43 MP: 0/0
  3984 | D:4      | Noticed Natasha
  3987 | D:4      | Killed Natasha
  4292 | D:4      | Found a blossoming altar of Fedhas.
  4292 | D:4      | Found an ornate altar of the Wu Jian Council.
  4326 | D:4      | Reached * piety under Makhleb
  4391 | D:4      | Found a staircase to the Ecumenical Temple.
  4407 | D:4      | Noticed Natasha
  4413 | D:4      | Killed Natasha
  4584 | D:4      | Noticed Menkaure
  4609 | D:5      | Entered Level 5 of the Dungeon
  4841 | D:5      | Reached XP level 7. HP: 45/49 MP: 0/0
  4841 | D:5      | Learned a level 2 spell: Static Discharge
  5005 | D:5      | Found a snail-covered altar of Cheibriados.
  5409 | D:5      | Reached skill level 5 in Dodging
  5409 | D:5      | Reached skill level 5 in Spellcasting
  5409 | D:5      | Reached XP level 8. HP: 45/58 MP: 0/0
  5540 | D:5      | Found an iron altar of Okawaru.
  5802 | D:6      | Noticed Pikel
  5805 | D:6      | Noticed Sigmund
  5928 | D:6      | Reached skill level 1 in Invocations
  5997 | D:6      | Noticed a two-headed ogre
  6300 | D:6      | Mangled by a two-headed ogre

Illustrated notes

Levels and vault maps discovered:
D:1:      lightli_iron_boxes, layout_loops_ring, basic_ecumenical_altar
D:2:      cheibrodos_helix_gallery, layout_basic, serial_shops,
          nicolae_shop_stone, minmay_misc_feat_rugged,
          nicolae_kite_square_tiling_tiny, grunt_ministairs_1
D:3:      layout_rooms, mainiacjoe_overflow_small_starburst,
          minmay_misc_feat_roman, uniq_jessica
D:4:      layout_loops_ring, jmf_multi_god_temple,
          gammafunk_temple_overflow_pools, minmay_temple_entry_from_below_a,
          uniq_menkaure, uniq_natasha
D:5:      layout_loops_cross, slow_altar_1, okawaru_ov_weapons_minmay
D:6:      layout_loops_ring, mainiacjoe_overflow_paths, grunt_decor_resistance,
          minmay_fractal_squares_diagonal_5, uniq_eustachio, uniq_sigmund,
          uniq_pikel

Skill      XL: |  1  2  3  4  5  6  7  8 |
---------------+-------------------------+-----
Stealth        | 2 |  2.0
Dodging        | 3 4 5 |  5.5
Fighting       | 1 2 3 4 |  4.1
Spellcasting   | 3 4 5 |  5.5
Invocations    | 1 |  1.5

Action                   |  1- 3 |  4- 6 |  7- 9 || total
-------------------------+-------+-------+-------++-------
Melee: Unarmed           |    35 |       |       ||    35
       Punch             |     1 |       |       ||     1
       Short sword       |     1 |     8 |       ||     9
       Morningstar       |       |    23 |    19 ||    42
 Cast: Foxfire           |    46 |    90 |    29 ||   165
       Scorch            |     2 |    12 |    12 ||    26
       Necrotise         |       |     3 |       ||     3
       Conjure Flame     |       |     5 |     3 ||     8
       Inner Flame       |       |     3 |     5 ||     8
       Flame Wave        |       |       |     1 ||     1
Evoke: Wand              |       |       |     3 ||     3
  Use: Scroll            |       |       |     3 ||     3
       Potion            |       |       |     1 ||     1
 Stab: Sleeping          |       |     2 |       ||     2
Armor: Robe              |    13 |    23 |    10 ||    46
       Skin              |       |       |    10 ||    10
Dodge: Dodged            |    45 |    64 |    72 ||   181
